AoeStats
← † BigMakh †

Coastal Forest

510378076Analyzed
3v3 RM · 1d ago on Sep 30, 2026· 48m 24s· 6 players
Game mode
Random Map
Map size
Normal (6 player)
Population
200
Speed
Normal
Resources
Standard
Victory
Conquest
Starting age
Dark Age
Ending age
Imperial Age
RankedLock teamsTeams togetherTeam positionsShared explorationLock speedFull tech treeHidden civsTurbo modeCheats
Victory
Defeat
🇸🇦 Portuguese · Saudi Arabia
995
+13
🇨🇿 Vikings · Czechia
985
+14
🇱🇧 Poles · Lebanon
954
+15
🇩🇪 Armenians · Germany
950
-15
🇩🇪 Varangians · Germany
947
-14
🇩🇪 Japanese · Germany
913
-13
Tomas Musillson
12:30 Feudal Age
19:13 Castle Age
18:26 Double-Bit Axe
18:55 Loom
20:03 Man-at-Arms
22:28 Fletching
24:20 Bodkin Arrow
28:59 Stone Mining
30:40 Horse Collar
33:20 Ballistics
32:59 Murder Holes
34:52 Fishing Lines
36:24 Bow Saw
37:13 Treadmill Crane
37:44 Masonry
37:21 Town Watch
39:01 Heavy Plow
39:21 Gillnets
41:24 Gold Mining
45:23 Imperial Age
44:32 Forging
44:23 Scale Mail Armor
44:24 Padded Archer Armor
45:56 Squires
45:41 Arson
45:18 Pikeman
46:39 Conscription
47:11 Iron Casting
47:56 Bracer
48:12 Chain Mail Armor
48:57 Blast Furnace
47:37 Crossbowman
† Mo_5_tar †
15:28 Feudal Age
15:57 Horse Collar
16:08 Double-Bit Axe
18:08 Bloodlines
19:52 Scale Barding Armor
27:18 Castle Age
27:26 Light Cavalry
32:02 Forging
43:06 Imperial Age
42:52 Iron Casting
44:03 Chain Barding Armor
45:16 Winged Hussar
48:10 Blast Furnace
† BigMakh †
12:07 Feudal Age
12:32 Horse Collar
12:39 Double-Bit Axe
15:22 Stone Mining
17:53 Gold Mining
20:49 Castle Age
30:56 Imperial Age
29:05 Wheelbarrow
32:38 Chemistry
33:49 Elite Organ Gun
42:50 Siege Engineers
Lord_xy2
10:38 Feudal Age
8:55 Loom
13:23 Man-at-Arms
13:52 Double-Bit Axe
13:58 Horse Collar
16:42 Wheelbarrow
20:28 Long Swordsman
20:55 Arson
21:57 Forging
21:48 Scale Mail Armor
30:24 Castle Age
30:43 Two-Handed Swordsman
31:23 Squires
31:27 Gambesons
32:30 Iron Casting
32:11 Chain Mail Armor
34:24 Champion
44:31 Ballistics
44:47 Pikeman
45:58 Pikeman
48:07 Bow Saw
Admiral G
6:56 Loom
9:38 Feudal Age
10:04 Double-Bit Axe
10:57 Wheelbarrow
10:31 Horse Collar
11:28 Town Watch
19:05 Forging
19:01 Scale Barding Armor
19:15 Bloodlines
24:48 Castle Age
22:51 Gold Mining
22:51 Stone Mining
25:53 Hand Cart
25:53 Bow Saw
25:47 Heavy Plow
26:45 Stone Shaft Mining
28:30 Scale Mail Armor
32:48 Squires
43:22 Imperial Age
43:38 Onager
46:51 Conscription
noHotkeys
1:20 Loom
11:45 Feudal Age
12:15 Double-Bit Axe
13:09 Wheelbarrow
18:56 Castle Age
17:15 Gold Mining
17:32 Man-at-Arms
17:58 Arson
19:00 Scale Mail Armor
19:11 Forging
20:31 Gambesons
22:00 Squires
21:57 Fishing Lines
23:08 Long Swordsman
24:23 Gillnets
26:51 Hand Cart
27:05 Fletching
27:45 Pikeman
30:22 Chain Mail Armor
30:35 Bow Saw
32:42 Iron Casting
37:26 Imperial Age
35:08 Horse Collar
36:17 Bodkin Arrow
42:53 Conscription
42:48 Cavalier
43:29 Husbandry
43:40 Scale Barding Armor
44:22 Bloodlines
Connection lost

Rejoining the realm…

Still unreachable

The connection could not be restored.

Session expired

The server has moved on; the page needs a fresh start.